 Dungeon Crawl Stone Soup version 0.17-a0-1399-gd5b76e1 (webtiles) character file.

215 nono the Skirmisher (level 5, -4/36 HPs)
             Began as a Gargoyle Fighter on June 18, 2015.
             Was an Initiate of Ashenzari.
             Killed by nerve-wracking pain
             ... invoked by Grinder
              (7 damage)
             ... on level 3 of the Dungeon.
             The game lasted 00:06:54 (2289 turns).

nono the Skirmisher (Gargoyle Fighter)              Turns: 2289, Time: 00:06:54

Health: -4/36      AC: 15    Str: 25    XL:     5   Next: 92%
Magic:  5/5        EV:  4    Int: 14    God:    Ashenzari [......]
Gold:   155        SH: 10    Dex:  9    Spells: 0 memorised, 4 levels left

rFire  . . .     SeeInvis .     a - +0 war axe
rCold  . . .     Clarity  .     p - +0 plate armour
rNeg   + . .     SustAt   .     c - +0 shield
rPois  ∞         Gourm    .     (no helmet)
rElec  +         Spirit   .     (no cloak)
rCorr  .         Warding  .     (no gloves)
rMut   .         Stasis   .     (no boots)
MR     .....                    (no amulet)
Stlth  ..........               (no ring)
                                (no ring)

@: mighty, brilliant, very slightly contaminated, invisible, not resistant to
hostile enchantments, extremely unstealthy
A: negative energy resistance 1, electricity resistance, unbreathing,
petrification resistance, rot immunity, AC +4
a: Renounce Religion


You were on level 3 of the Dungeon.
You worshipped Ashenzari.
Ashenzari was noncommittal.
You were not hungry.

You visited 1 branch of the dungeon, and saw 3 of its levels.

You collected 155 gold pieces.

Inventory:

Hand weapons
 a - a +0 war axe (weapon)
Armour
 c - a +0 shield (worn)
 p - a +0 plate armour (worn)
Scrolls
 g - 2 scrolls of enchant armour {unknown}
 i - 2 scrolls of curse jewellery
 j - 2 scrolls of identify {unknown}
 s - a scroll of curse armour
 u - a scroll of amnesia {unknown}
Potions
 b - a potion of flight {unknown}
 f - a potion of invisibility
 l - a potion of ambrosia {unknown}
 m - a potion of brilliance
 n - a potion of heal wounds {unknown}
 v - a potion of degeneration {unknown}
Comestibles
 e - 5 bread rations
 h - a meat ration
 k - 3 fruits
 q - a royal jelly
 r - a beef jerky
 t - a chunk of flesh


   Skills:
 + Level 5.9 Fighting
 - Level 1.7 Axes
 + Level 4.1 Armour
 + Level 4.3 Shields


You had 4 spell levels left.
You didn't know any spells.

Dungeon Overview and Level Annotations

Branches:
Dungeon (3/15)

Altars:
Ashenzari
Dithmenos
Sif Muna

Annotations:
D:3 Grinder


Innate Abilities, Weirdness & Mutations

You are resistant to torment.
Your stone body is resilient (AC +4).
You are immune to poison.
You resist negative energy.
You are resistant to electric shocks.
You can survive without breathing.
You are immune to petrification.
You are immune to rotting.


Message History

You slash Grinder!
Grinder is moderately wounded.
Grinder hits you but does no damage. x2
You miss Grinder.
Grinder is moderately wounded.
Grinder hits you but does no damage.
You completely miss Grinder.
Grinder is moderately wounded.
Grinder hits you but does no damage. x2
You closely miss Grinder.
Grinder is moderately wounded.
Grinder hits you but does no damage.
You miss Grinder.
Grinder is moderately wounded.
You block Grinder's attack. x2
Drink which item? (? for menu, Esc to quit)
It was a potion of poison.
You feel slightly nauseous. Grinder gestures at you.
Pain shoots through your body!
You die...

.... .....#.§§#.§.†#
#.#.########.#.§#§#.†..(####
...............§§..)..(.'...
#.#........#............#.##
#@#........##....########.#
#.#........##.###### #.#
#.#.......÷........# #.#
#.#.......)........# #.#
#.##.....).@5......# #.#
#...#'########'##### #.#
#.....# #..# #.# #.....#
##.# ##'## #....## ###.#####
#.... #..$.# #...)##_# #....
#....# #.)).##'## #....
#....########....#...# #..>.
#######..........#...# #....


You could see Grinder.

Vanquished Creatures
  An orc wizard (D:3)
  Jessica (D:2)
  Terence (D:3)
  6 adders
  3 worms
  A giant gecko (D:1)
  7 orcs (D:3)
  A ball python (D:2)
  10 goblins
  7 hobgoblins
  7 jackals (D:3)
  5 kobolds
  7 bats
  2 giant cockroaches (D:1)
  4 giant newts
  2 quokkas (D:2)
  6 rats
71 creatures vanquished.

Notes
Turn   | Place    | Note
--------------------------------------------------------------
     0 | D:1      | nono the Gargoyle Fighter began the quest for the Orb.
     0 | D:1      | Reached XP level 1. HP: 14/14 MP: 1/1
   223 | D:1      | Reached XP level 2. HP: 20/20 MP: 2/2
   277 | D:1      | Reached skill level 4 in Fighting
   863 | D:2      | Reached XP level 3. HP: 19/24 MP: 3/3
   991 | D:2      | Reached skill level 5 in Fighting
  1030 | D:2      | Reached XP level 4. HP: 29/31 MP: 4/4
  1208 | D:2      | Found a shattered altar of Ashenzari.
  1211 | D:2      | Became a worshipper of Ashenzari the Shackled
  1663 | D:2      | Noticed Jessica
  1669 | D:2      | Killed Jessica
  1908 | D:3      | Reached XP level 5. HP: 35/35 MP: 5/5
  2053 | D:3      | Found a deep blue altar of Sif Muna.
  2121 | D:3      | Found a shadowy altar of Dithmenos.
  2224 | D:3      | Noticed Grinder
  2239 | D:3      | Noticed Terence
  2241 | D:3      | Paralysed by Grinder for 3 turns
  2248 | D:3      | Paralysed by Grinder for 6 turns
  2274 | D:3      | Paralysed by Grinder for 2 turns
  2279 | D:3      | Paralysed by Grinder for 5 turns
  2284 | D:3      | Killed Terence
  2289 | D:3      | Killed from afar by Grinder

Vault maps used:
D:1:      roderic_octagonal_star, minivault_4, grunt_decor_fettered
D:2:      lemuel_doored_altar, first_bread, kennysheep_jessica_study
D:3:      lemuel_blue_sif_altar, grunt_dithmenos_smoke_and_mirrors,
          uniq_terence, uniq_natasha, uniq_grinder

Action                   |  1- 3 |  4- 6 || total
-------------------------+-------+-------++-------
Melee: War axe           |   106 |   140 ||   246
  Use: Potion            |       |     7 ||     7
  Eat: Chunk             |       |     5 ||     5
